 Dungeon Crawl Stone Soup version 0.29.0-5-ge4962eb29e (webtiles) character file.

Game seed: 4607495954440726439

40 ProzacElf the Covert (level 3, -1/19 HPs)
             Began as a Spriggan Delver on Aug 29, 2022.
             Was a Follower of Qazlal.
             Succumbed to a gnoll's poison
             ... on level 1 of the Dungeon.
             The game lasted 00:04:40 (1407 turns).

ProzacElf the Covert (Spriggan Delver)              Turns: 1407, Time: 00:04:41

Health: -1/19      AC:  2    Str:  8    XL:     3   Next: 30%
Magic:  4/4        EV: 21    Int: 13    God:    Qazlal [*.....]
Gold:   52         SH:  1    Dex: 16    Spells: 2/2 levels left

rFire   . . .      SeeInvis +   a - +0 short sword
rCold   . . .      Faith    .   (no shield)
rNeg    . . .      Spirit   .   b - +0 robe
rPois   .          Reflect  .   (helmet restricted)
rElec   .          Harm     .   (no cloak)
rCorr   .          Rampage  .   (gloves unavailable)
Will    +....                   (boots unavailable)
Stlth   ++++......              (no amulet)
HPRegen 0.06/turn               h - ring of willpower
MPRegen 0.09/turn               s - +4 ring of evasion

@: lethally poisoned (-1 -> -22), invisible, very quick
A: very small, no large weapons, unfitting armour, see invisible, speed 3
a: Renounce Religion


You were on level 1 of the Dungeon.
You worshipped Qazlal.
Qazlal was aware of your devotion.
You visited 1 branch of the dungeon, and saw 5 of its levels.

You collected 52 gold pieces.

Inventory:

Hand Weapons
 a - a +0 short sword (weapon)
Armour
 b - a +0 robe (worn)
Jewellery
 h - a ring of willpower (left hand)
 l - a ring of protection from fire
 m - a ring of positive energy
 s - a +4 ring of evasion (right hand)
 t - a ring of fire
 u - a ring of wizardry
Wands
 g - a wand of digging (3)
Scrolls
 c - a scroll of fog
 d - a scroll of magic mapping
 e - a scroll of summoning {unknown}
 n - a scroll of torment {unknown}
 p - a scroll of noise {unknown}
 q - a scroll of identify {unknown}
Potions
 f - a potion of haste
 i - a potion of brilliance {unknown}
 j - a potion of lignification {unknown}
 k - a potion of heal wounds {unknown}
 o - a potion of curing {unknown}


   Skills:
 - Level 2.4 Fighting
 + Level 3.3 Short Blades
 - Level 2.6 Dodging
 + Level 8.1 Stealth


You had 2 spell levels left.
You didn't know any spells.
Your spell library was empty.

Dungeon Overview and Level Annotations

Branches:
Dungeon (5/15)
 Temple: D:4-7

Altars:
Qazlal


Innate Abilities, Weirdness & Mutations

You are very small and have problems with some larger weapons.
You are too small for most types of armour.
You have supernaturally acute eyesight. (SInv)
You cover ground extremely quickly. (Speed+++)


Message History

Nay target in view!
Ye now haf 52 gold pieces (gain'd 13).
u - a rin' o' wizardry Thar be a stone staircase leadin' down 'ere.
Ye see 'ere a bat skeleton.
Ye see 'ere a ball python skeleton.
A frilled lizard comes inta view.
Tha frilled lizard hisses angrily.
Ye see 'ere a +0 dagger.
Ye miss tha frilled lizard.
Tha frilled lizard misses ye.
Ye barely miss tha frilled lizard.
Tha frilled lizard misses ye.
Ye hit tha frilled lizard.
Ye kill tha frilled lizard!
Qazlal accepts yer kill.
Nay target in view!
Nay target in view!
A gnoll comes inta view.
It be wieldin' a +1 whip o' venom.
Ye hear a shout!
Tha gnoll shouts!
A kobold comes inta view.
It be wieldin' a +0 short sword.
Ye hit tha gnoll but do nay damage.
Tha gnoll completely misses ye.
Ye hit tha gnoll.
Tha gnoll be lightly wounded.
Tha gnoll hits ye wit' a +1 whip o' venom.
Ye be poison'd.
Ye take 4 damage, an' haf 15/19 hp.
MASSIVE DAMAGE!!
Ye hit tha gnoll.
Tha gnoll be moderately wounded.
Ye feel very sick.
Tha gnoll closely misses ye.
Ye take 3 damage, an' haf 12/19 hp.
Ye hit tha gnoll but do nay damage.
Tha gnoll be moderately wounded.
Ye feel sick.
Tha gnoll hits ye wit' a +1 whip o' venom!
* * * LOW HITPOINT WARNIN'
* * * Ye be more poison'd.
Ye take 9 damage, an' haf 3/19 hp.
MASSIVE DAMAGE!!
It was a potion o' invisibility.
Ye fade inta invisibility!
Ye die...

#####........#.#######.#####
# #..#####...#.....#.....#
.. ##... >....##.##.#####.#
..# #########.##.#....#
#.### ..# #.##.#..#.# #...#
.. #.##.####.#####.# #. #.#
#.......# #.##.# #########
#Kg@.# ######


You could see a gnoll (unable to see you) and a kobold (unable to see you).

Vanquished Creatures
  An adder (D:3)
  A dart slug (D:4)
  7 bats
  An endoplasm (D:1)
  3 giant cockroaches (D:1)
  3 goblins (D:1)
  2 hobgoblins (D:1)
  A kobold (D:1)
  2 ball pythons (D:1)
  4 frilled lizards (D:1)
  2 rats (D:1)
27 creatures vanquished.

Notes
Turn   | Place    | Note
-------+----------+-------------------------------------------
     0 | D:5      | ProzacElf the Spriggan Delver began the quest for the Orb.
     0 | D:5      | Reached XP level 1. HP: 11/11 MP: 2/2
   302 | D:4      | Noticed an orc wizard
   304 | D:4      | Noticed an orc priest
   313 | D:3      | Noticed a black bear
   335 | D:3      | Noticed a vampire bat
   374 | D:3      | Noticed a water moccasin
   429 | D:3      | Reached XP level 2. HP: 5/16 MP: 3/3
   958 | D:1      | Reached skill level 8 in Stealth
   959 | D:1      | Reached XP level 3. HP: 18/19 MP: 4/4
   974 | D:1      | Found a faded altar of an unknown god.
  1004 | D:1      | Prayed at the altar of an unknown god.
  1004 | D:1      | Became a worshipper of Qazlal Stormbringer
  1004 | D:1      | Reached * piety under Qazlal
  1407 | D:1      | Succumbed to a gnoll's poison

Illustrated notes

Levels and vault maps discovered:
D:1:      evilmike_arrival_plus, layout_basic,
          ebering_ecumenical_altar_sacrificial
D:2:      layout_basic
D:3:      layout_basic, minmay_overflow_temple_star_hex,
          chequers_serial_rivers_small_3, st_stairs_10,
          minmay_misc_feat_columns, roderic_batcave, minmay_misc_feat_iff,
          kennysheep_nub, item_on_display_a
D:4:      layout_cave_pods, mainiacjoe_overflow_catwalk, kennysheep_mini,
          serial_park, serial_park_fountain, serial_park_tiny_pond,
          serial_park_tiny_1, serial_park_tiny_pond, serial_park_square3
          [serial_park_minivault_5x5_5]
D:5:      layout_rooms, enter_ossuary_3, minmay_manual_mess

Skill      XL: |  1  2 |
---------------+-------+-----
Short Blades   | 3 |  3.3
Stealth        | 8 |  8.1
Fighting       | |  2.4
Dodging        | |  2.6

Action                   || total
-------------------------++-------
Melee: Short sword       ||   101
       Punch             ||     2
  Use: Scroll            ||     1
       Potion            ||     1
 Stab: Sleeping          ||     6
Armor: Robe              ||    15
Dodge: Dodged            ||    83
Block: Other             ||     2
